wizbiz, neutral female human Wizard ...-. ..).... ........... .......G..G. ...<...@... ....-h.... ... .... wizbiz the Conjurer Experience level: 5 Strength: 9 Dexterity: 15 Constitution: 10 Intelligence: 18 Wisdom: 13 Charisma: 10 Health: 0(40) Energy: 46(56) Def: 1 Gold: 168 Moves: 1864 Dungeon seed: mBXfvVcQLUgB-eFH Game ID: wizbiz_1528347504 Your Inventory: Coins $ - 168 gold pieces Weapons a - a blessed +1 quarterstaff (weapon in hands) q - 45 +0 arrows r - 12 blessed +1 darts s - a blessed +2 dart t - 25 +0 darts (in quiver) u - 19 blessed +0 darts v - 5 +0 crossbow bolts B - 8 poisoned +0 crossbow bolts G - a blessed +0 arrow J - a blessed +1 dagger Armor E - an uncursed +0 cloak of magic resistance (being worn) Scrolls i - an uncursed scroll of destroy armor j - a blessed scroll of remove curse k - an uncursed scroll of enchant armor D - a cursed scroll of enchant weapon Spellbooks l - a blessed spellbook of force bolt m - an uncursed spellbook of healing Potions f - an uncursed potion of oil g - an uncursed potion of restore ability h - an uncursed potion of see invisible p - a blessed potion of monster detection Rings c - an uncursed ring of polymorph control d - an uncursed ring of regeneration o - an uncursed ring of searching (on left hand) Wands b - a wand of speed monster (0:5) Tools e - an uncursed skeleton key n - a magic marker (0:51) w - an uncursed wax candle (0:400) x - 10 uncursed tallow candles (0:200) A - a cursed tallow candle (0:200) F - a cursed wax candle (0:400) H - a tinning kit (0:94) L - an uncursed partly used wax candle (lit) (0:379) Gems y - 3 uncursed worthless pieces of red glass z - an uncursed worthless piece of yellowish brown glass N - an uncursed worthless piece of yellow glass Spells and supernatural/magical abilities: Name Level Category Fail Memory a - force bolt 1 attack 0% 91% h - healing 1 healing 0% 91% W - pray for help -- divine ? -- Your skills at the end: Fighting Skills Weapon Skills quarterstaff [Basic] Spellcasting Skills attack spells [Basic] enchantment spells [Basic] Final Attributes: You were piously aligned. You were magic-protected. You were telepathic. You had automatic searching. You were fast. You are dead. Vanquished creatures: 3 gnome lords a gnomish wizard 2 kobold mummies a giant ant a floating eye 4 dwarves 2 giant bats 4 orc zombies a gas spore a hobbit a large kobold 11 gnomes 4 jackals 3 kobolds 11 grid bugs a lichen 3 newts 54 creatures vanquished. Voluntary challenges: You were an atheist. You used a wielded weapon 69 times, starting on turn 4. You read items or engraved 1 time, starting on turn 936. You never genocided any monsters. You never polymorphed an object. You never changed form. You used no wishes. You never split a pudding. You never wrote Elbereth's name. You never violated your personal moral code. Dungeon overview: The Dungeons of Doom: levels 1 to 3 Level 1 a fountain a long staircase Level 2 a sink Level 3 stairs to The Gnomish Mines The Gnomish Mines: levels 4 to 6 Level 4 stairs to The Dungeons of Doom Level 5 Level 6 <- You were here History has recorded: On T:1 you entered the Dungeons of Doom to retrieve the Amulet of Yendor! On T:352 you reached level 2 of The Dungeons of Doom. On T:425 you advanced to experience level 2. On T:484 you reached level 3 of The Dungeons of Doom. On T:887 you reached level 1 of The Gnomish Mines. On T:929 you advanced to experience level 3. On T:948 you advanced to experience level 4. On T:1050 you advanced to experience level 5. On T:1230 you reached level 2 of The Gnomish Mines. On T:1537 you reached level 3 of The Gnomish Mines. Score breakdown: Gold: 168 ( 7578 points) Experience: 5 levels (11141 points) Exploration: 6 levels ( 12.24%) ( 9682 points) Discoveries: 0 items ( 0.00%) ( 0 points) Valuables value: (no points given unless you survive) Artifact value: 0 ( 0 points) Variety of kills: 17 monsters ( 4.46%) ( 6336 points) Turncount: 1864 turns ( 0 points) Survival: died (score multiplied by 80%) Total score: 27789 Latest messages: You hit the gnome king. The gnome king hits! You hit the gnome king! You hit the gnome king. The gnome king hits! You feel better. The gnome king hits! The dwarf wields a broad pick! You feel better. The gnome king hits! You miss the gnome king. The gnome king hits! The dwarf swings his broad pick. The dwarf just misses! You miss the gnome king. The gnome king hits! You hit the dwarf! The gnome king hits! The dwarf swings his broad pick. The dwarf hits! You die... Final status: Goodbye wizbiz the Wizard, killed by a dwarf... You died in The Gnomish Mines on dungeon level 6 with 27789 points, and 168 pieces of gold, after 1864 moves. You were level 5 with a maximum of 40 hit points when you died.